Map: Blackburn LE

Players

Bacon - Winner!

  • Race: Zerg Zerg
  • League: Diamond

Авокадо

  • Race: Protoss Protoss
  • League: Diamond

VOD

Have the link to the VOD?

Description

Time

  • Played on: Jan. 5, 2022, 5:22 p.m.
  • Length: 20:07
Show
View Real Time Build Order
Export as new Build Order

Bacon Zerg - Winner!

Build Orders: Hatch First 

Get SALT Encoding   

  12  0:01  Drone  
  13  0:07  Drone  
  14  0:19  Extractor  
  14  0:20  Drone  
  14  0:21  Extractor, Drone  
  16  0:43  Hatchery  
  15  0:51  Extractor  
  14  0:59  Spawning Pool  
  13  1:11  Drone  
  13  1:13  Overlord  
  14  1:41  Drone x3  
  14  1:46  Queen  
  19  1:52  Zergling x2  
  20  1:55  Zergling x2  
  20  1:59  Metabolic Boost  
  21  2:04  Zergling x2  
  22  2:09  Drone  
  23  2:22  Drone x2  
  25  2:26  Overlord  
  25  2:32  Queen  
  25  3:06  Drone x3  
  25  3:07  Drone x5  
  33  3:23  Baneling Nest  
  32  3:27  Hatchery  
  30  3:35  Drone x5  
  35  3:41  Drone  
  36  3:49  Overlord x2  
  36  3:54  Overlord  
  36  4:04  Spore Crawler  
  36  4:07  Queen x2  
  40  4:13  Drone  
  40  4:14  Drone x3  
  40  4:15  Drone x3  
  47  4:17  Extractor  
  47  4:19  Extractor  
  45  4:25  Evolution Chamber  
  45  4:30  Drone x2  
  46  4:43  Drone x3  
  49  4:48  Lair  
  49  4:51  Zerg Melee Weapons Level 1  
  49  4:54  Drone x5  
  49  4:55  Drone x4  
  49  4:58  Queen  
  60  5:02  Overlord  
  60  5:12  Extractor  
  60  5:13  Drone  
  60  5:14  Drone x3  
  63  5:20  Drone x4  
  67  5:28  Roach Warren  
  66  5:36  Overlord x3  
  66  5:37  Overlord x3  
  66  5:45  Hatchery  
  65  5:52  Drone  
  65  5:54  Drone, Evolution Chamber  
  66  5:57  Zergling x14  
  66  5:58  Zergling x2  
  74  6:10  Spire  
  73  6:11  Zergling x2  
  73  6:12  Zergling x8  
  73  6:17  Queen  
  80  6:20  Spore Crawler, Overseer  
  79  6:27  Spore Crawler  
  79  6:28  Drone  
  79  6:31  Drone x4  
  74  6:48  Drone x9  
  74  6:50  Spine Crawler  
  82  6:58  Baneling  
  82  7:04  Pneumatized Carapace  
  82  7:12  Drone x4, Spine Crawler  
  82  7:15  Spore Crawler  
  84  7:18  Zergling x2  
  84  7:19  Zergling x16  
  92  7:30  Centrifugal Hooks  
  92  7:32  Zergling x10  
  92  7:33  Zergling x8  
  92  7:36  Baneling x5  
  101  7:43  Drone x2  
  101  7:44  Drone x2  
  105  7:46  Extractor  
  105  7:48  Extractor  
  103  7:52  Hatchery  
  83  8:22  Zergling x22  
  83  8:23  Zergling x10  
  89  8:36  Zerg Ground Armor Level 1, Zerg Melee Weapons Level 2  
  89  8:38  Zerg Flyer Weapons Level 1  
  89  8:50  Baneling x6  
  89  8:51  Baneling x3  
  89  8:52  Mutalisk x4  
  89  8:53  Mutalisk x6  
  109  9:02  Spine Crawler  
  108  9:08  Mutalisk x4  
  116  9:20  Drone x2  
  116  9:21  Drone x4  
  122  9:29  Infestation Pit  
  121  10:01  Roach x2  
  121  10:06  Overlord x6  
  121  10:07  Overlord x3  
  125  10:24  Roach x8  
  125  10:25  Roach x10  
  143  11:27  Roach x2  
  143  11:28  Roach x14  
  175  11:33  Hive  
  175  11:55  Hatchery  
  170  12:05  Hatchery  
  169  13:00  Ultralisk Cavern  
  168  13:07  Overlord x6  
  168  13:08  Overlord x2  
  168  13:13  Adrenal Glands  
  168  13:15  Zerg Melee Weapons Level 3, Zerg Ground Armor Level 2  
  146  13:50  Ultralisk x9  
  200  13:56  Overseer x3  
  200  13:57  Overseer  
  200  14:00  Anabolic Synthesis  
  200  14:17  Extractor  
  200  14:19  Extractor  
  198  14:35  Zergling x4  
  200  14:43  Chitinous Plating  
  154  15:25  Zergling x2  
  154  15:26  Zergling x42  
  154  15:27  Zergling x18  
  141  15:55  Zergling x2  
  141  15:56  Zergling x18  
  131  16:19  Zergling x20  
  137  16:32  Drone x3, Spore Crawler, Spine Crawler  
  134  16:33  Drone x5  
  125  17:17  Ultralisk x5  
  125  17:18  Zergling x12  
  125  17:19  Zergling x8  
  125  17:21  Baneling x15  
  125  17:22  Baneling x4  
  125  17:39  Glial Reconstitution  
  125  17:46  Hatchery  
  125  17:47  Extractor  
  125  17:48  Extractor  
  125  18:28  Zergling x46  
  125  18:29  Zergling x2  
  125  18:41  Overseer x4  
  125  19:17  Ravager x13  
Show
View Real Time Build Order
Export as new Build Order

Авокадо Protoss 

Build Orders: 1 Gate Expand 

Get SALT Encoding   

  12  0:00  Probe  
  13  0:12  Probe  
  14  0:20  Pylon  
  14  0:24  Probe  
  15  0:38  Probe (Chrono Boost)  
  16  0:47  Gateway  
  16  0:49  Probe (Chrono Boost)  
  17  0:54  Probe (Chrono Boost)  
  18  1:01  Assimilator  
  18  1:13  Probe (Chrono Boost)  
  19  1:22  Probe (Chrono Boost)  
  20  1:36  Cybernetics Core  
  20  1:38  Probe  
  21  1:44  Nexus  
  21  1:58  Gateway  
  21  2:03  Probe  
  21  2:06  Assimilator  
  22  2:20  Pylon  
  22  2:36  Warp Gate  
  26  2:51  Pylon  
  24  3:02  Pylon  
  24  3:03  Adept (Chrono Boost)  
  18  3:10  Stalker (Chrono Boost)  
  17  3:16  Probe  
  17  3:17  Probe  
  19  3:29  Probe (Chrono Boost)  
  19  3:34  Probe (Chrono Boost)  
  21  3:39  Probe (Chrono Boost)  
  23  3:43  Probe (Chrono Boost)  
  23  3:44  Probe (Chrono Boost)  
  24  3:49  Twilight Council  
  24  3:55  Probe x2 (Chrono Boost)  
  26  4:07  Probe (Chrono Boost)  
  28  4:10  Probe (Chrono Boost)  
  28  4:22  Probe  
  28  4:23  Probe  
  30  4:30  Dark Shrine  
  30  4:35  Probe (Chrono Boost)  
  32  4:40  Probe (Chrono Boost)  
  32  4:44  Assimilator  
  33  4:46  Probe (Chrono Boost)  
  33  4:50  Probe (Chrono Boost)  
  33  4:51  Probe (Chrono Boost)  
  33  4:52  Blink  
  35  4:55  Forge  
  35  4:59  Probe  
  36  5:00  Gateway  
  36  5:01  Probe  
  37  5:12  Stalker  
  37  5:13  Stalker  
  41  5:15  Probe (Chrono Boost)  
  41  5:20  Probe (Chrono Boost)  
  43  5:22  Protoss Ground Weapons Level 1 (Chrono Boost)  
  43  5:24  Probe (Chrono Boost)  
  45  5:28  Probe (Chrono Boost)  
  45  5:29  Probe (Chrono Boost)  
  46  5:39  Probe  
  46  5:41  Probe  
  48  5:49  Pylon  
  48  5:51  Probe  
  48  5:53  Probe  
  48  5:56  Dark Templar  
  52  6:03  Probe  
  53  6:05  Probe  
  53  6:10  Assimilator  
  54  6:13  Pylon  
  54  6:14  Dark Templar  
  54  6:15  Probe, Dark Templar  
  59  6:32  Nexus  
  59  6:33  Pylon  
  59  6:43  Probe x2  
  59  6:49  Stalker  
  61  6:54  Shield Battery  
  61  7:03  Photon Cannon  
  61  7:04  Photon Cannon  
  61  7:05  Shield Battery  
  61  7:07  Probe x2  
  63  7:17  Gateway  
  63  7:18  Gateway  
  63  7:19  Probe x2  
  63  7:20  Gateway  
  65  7:26  Pylon  
  65  7:29  Stalker x2  
  69  7:31  Probe  
  69  7:32  Protoss Ground Weapons Level 2 (Chrono Boost)  
  72  7:45  Probe x2 (Chrono Boost), Photon Cannon  
  72  7:47  Pylon  
  72  7:50  Photon Cannon  
  72  7:54  Probe (Chrono Boost)  
  75  7:58  Dark Templar x2  
  75  8:02  Probe x2 (Chrono Boost)  
  75  8:03  Probe (Chrono Boost)  
  80  8:08  Probe x2, Archon  
  69  8:27  Pylon  
  69  8:32  Gateway, Dark Templar x4  
  69  8:33  Dark Templar  
  79  8:34  Gateway  
  79  8:37  Gateway  
  79  8:38  Assimilator  
  79  8:42  Probe (Chrono Boost)  
  79  8:46  Probe (Chrono Boost)  
  79  8:47  Probe (Chrono Boost), Pylon  
  82  8:52  Probe (Chrono Boost)  
  82  8:53  Archon x2  
  85  8:56  Probe x2 (Chrono Boost)  
  85  8:57  Probe (Chrono Boost)  
  85  8:59  Assimilator  
  86  9:06  Probe x2, Dark Templar x4  
  86  9:08  Dark Templar  
  98  9:10  Archon x2  
  98  9:12  Archon  
  98  9:26  Dark Templar  
  98  9:27  Nexus  
  98  9:28  Dark Templar, Pylon  
  102  9:40  Pylon  
  102  9:42  Pylon  
  102  9:44  Pylon  
  99  9:48  Dark Templar x3, Photon Cannon  
  97  9:53  Archon  
  97  9:58  Archon  
  97  10:03  Pylon  
  97  10:06  Pylon  
  97  10:10  Probe x3  
  100  10:22  Probe x3  
  100  10:23  Photon Cannon x2  
  103  10:34  Probe x3  
  102  10:37  Dark Templar  
  102  10:38  Dark Templar x2  
  102  10:45  Probe  
  102  10:46  Probe x3  
  102  10:47  Archon x2  
  95  10:57  Probe  
  88  11:07  Probe x2, Robotics Facility  
  88  11:08  Probe, Robotics Facility  
  88  11:09  Robotics Facility  
  74  11:25  Pylon  
  74  11:27  Pylon  
  74  11:35  Photon Cannon  
  74  11:39  Stalker x2, Photon Cannon  
  78  11:40  Stalker x2  
  78  11:41  Stalker  
  78  11:44  Probe x2 (Chrono Boost)  
  88  11:49  Probe x2 (Chrono Boost)  
  87  11:54  Probe (Chrono Boost)  
  87  11:55  Probe (Chrono Boost)  
  87  11:58  Probe (Chrono Boost)  
  81  12:09  Immortal x2 (Chrono Boost)  
  89  12:16  Probe (Chrono Boost)  
  90  12:26  Probe (Chrono Boost)  
  91  12:33  Immortal (Chrono Boost)  
  95  12:49  Probe (Chrono Boost)  
  96  12:57  Pylon  
  96  12:58  Probe (Chrono Boost), Pylon  
  96  12:59  Stalker x3  
  96  13:00  Stalker  
  96  13:03  Probe (Chrono Boost)  
  104  13:13  Immortal (Chrono Boost)  
  104  13:15  Probe  
  109  13:27  Probe  
  105  13:39  Assimilator  
  100  13:41  Immortal x2 (Chrono Boost)  
  107  13:50  Immortal (Chrono Boost)  
  111  13:56  Twilight Council  
  111  14:09  Pylon  
  111  14:10  Observer (Chrono Boost)  
  111  14:11  Observer (Chrono Boost)  
  111  14:13  Pylon  
  111  14:14  Pylon  
  113  14:21  Pylon  
  113  14:22  Stalker x5  
  113  14:23  Pylon  
  123  14:33  Pylon  
  123  14:36  Pylon  
  123  14:45  Probe  
  124  14:57  Probe  
  125  15:09  Probe  
  106  15:26  Stalker x2  
  106  15:27  Stalker x5, Immortal x3 (Chrono Boost)  
  94  15:56  Zealot x4  
  98  15:57  Stalker x3  
  98  15:58  Stalker x2  
  70  16:18  Stalker x3  
  70  16:19  Stalker  
  38  16:36  Stalker x2  
  38  16:37  Stalker x2  
Tags
 
Add a new tag
Caveats
  • Supply blocks, unpowered buildings, or Contaminate may cause inaccurate times.
  • Supply counts are checked every 10 seconds.